 Dungeon Crawl Stone Soup version 0.25-a0-942-g87a53962fc (webtiles) character file.

Game seed: 13071327903555922120, levelgen mode: deterministic

5886 Hastur the Fighter (level 10, 0/94 HPs)
             Began as a Purple Draconian Conjurer on Apr 23, 2020.
             Was a Follower of Sif Muna.
             Slain by a catoblepas (27 damage)
             ... on level 9 of the Dungeon on May 6, 2020.
             The game lasted 00:51:40 (12730 turns).

Hastur the Fighter (Purple Draconian Conjurer)     Turns: 12730, Time: 00:51:40

Health: 0/94       AC:  8    Str: 12    XL:     10   Next: 52%
Magic:  7/19       EV: 12    Int: 19    God:    Sif Muna [*.....]
Gold:   497        SH:  5    Dex: 12    Spells: 14/21 levels left

rFire    . . .     SeeInvis +   H - +12 flail of Amorality {vorpal, MR++ Str+2 SInv}
rCold    . . .     Gourm    .   o - +0 buckler
rNeg     . . .     Faith    .   (armour unavailable)
rPois    +         Spirit   .   (helmet restricted)
rElec    .         Reflect  .   (no cloak)
rCorr    .         Harm     .   (no gloves)
MR       +++..                  (no boots)
Stlth    ++........             (no amulet)
HPRegen  0.25/turn              E - ring of poison resistance
MPRegen  0.16/turn              w - +1 ring of protection

@: lightly drained
A: breathe power, unfitting armour, cold-blooded, AC +7
a: Breathe Dispelling Energy, Channel Magic, Renounce Religion


You were on level 9 of the Dungeon.
You worshipped Sif Muna.
Sif Muna was aware of your devotion.
You were very hungry.

You visited 2 branches of the dungeon, and saw 10 of its levels.
You also visited: Ossuary.

You collected 497 gold pieces.

Inventory:

Hand Weapons
 l - a +2 whip of electrocution
 u - a +2 dagger of electrocution
 x - a +3 long sword of freezing
 z - a +3 hunting sling
 H - the +12 flail of Amorality (weapon) {vorpal, MR++ Str+2 SInv}
   (You found it on level 8 of the Dungeon)

   It inflicts extra damage upon your enemies.
   It affects your strength (+2).
   It affects your resistance to hostile enchantments.
   It lets you see invisible.
Missiles
 a - 100 sling bullets
 d - 269 stones (quivered)
 D - 17 poisoned darts
Armour
 o - a +0 buckler (worn)
Jewellery
 n - a +6 ring of strength
 w - a +1 ring of protection (right hand)
 E - a ring of poison resistance (left hand)
 I - an uncursed ring of resist corrosion
 K - an uncursed ring of positive energy
 M - an uncursed ring of stealth {unknown}
 O - an uncursed ring of ice {unknown}
Wands
 r - a wand of flame (43)
 v - a wand of paralysis (4)
 F - a wand of digging (4)
Scrolls
 e - 2 scrolls of amnesia
 f - 5 scrolls of teleportation
 g - 4 scrolls of remove curse
 h - a scroll of immolation
 k - 2 scrolls of fear {unknown}
 p - a scroll of enchant weapon {unknown}
 y - 3 scrolls of identify
 A - a scroll of magic mapping
 L - a scroll of noise {unknown}
Potions
 c - 3 potions of degeneration {unknown}
 i - 4 potions of heal wounds
 j - a potion of invisibility {unknown}
 m - 3 potions of might
 q - a potion of curing {unknown}
 s - a potion of mutation
 t - 2 potions of haste
 B - a potion of magic {unknown}
 C - 2 potions of lignification {unknown}
 G - a potion of flight {unknown}
 J - a potion of berserk rage
 N - a potion of resistance {unknown}
Comestibles
 b - 10 rations


   Skills:
 + Level 10.8(10.2) Fighting
 - Level 1.7(1.3) Dodging
 - Level 2.0(1.5) Stealth
 - Level 5.0(4.5) Shields
 - Level 6.0(5.5) Spellcasting
 - Level 8.0(7.4) Conjurations
 - Level 8.0(7.4) Hexes


You had 14 spell levels left.
You knew the following spells:

 Your Spells              Type           Power        Failure   Level  Hunger
a - Magic Dart            Conj           ####         1%          1    None
b - Searing Ray           Conj           ####..       1%          2    None
c - Fulminant Prism       Conj/Hex       ####......   5%          4    ####...

Your spell library contained the following spells:

 Spells                   Type           Power        Failure   Level  Hunger
 Dazzling Flash           Conj/Hex       ####..       1%          3    ##.....
 Shock                    Conj/Air       ###.         2%          1    None
 Static Discharge         Conj/Air       ###.....     8%          3    ##.....
 Summon Guardian Golem    Hex/Summ       ###.....     8%          3    ##.....
 Summon Small Mammal      Summ           #...         12%         1    None
 Call Imp                 Summ           #.......     19%         2    None
 Swiftness                Chrm/Air       #.......     19%         2    None
 Iskenderun's Mystic Bla  Conj/Tloc      ###.....     26%         4    ####...
 Call Canine Familiar     Summ           #.......     34%         3    ##.....
 Lightning Bolt           Conj/Air       ###.......   56%         5    #####..
 Airstrike                Air            #.........   75%         4    ####...
 Summon Ice Beast         Ice/Summ       #.......     75%         4    ####...
 Summon Lightning Spire   Summ/Air       #.......     75%         4    ####...


Dungeon Overview and Level Annotations

Branches:
Dungeon (9/15)             Temple (1/1) D:4         Ossuary (visited)
   Lair: D:8-11         Orc: D:9-12

Altars:
Ashenzari
Cheibriados
Dithmenos
Elyvilon
Fedhas
Gozag
Hepliaklqana
Kikubaaqudgha
Makhleb
Nemelex Xobeh
Okawaru
Qazlal
Sif Muna
Trog
Uskayaw
Vehumet
Wu Jian
Xom
Yredelemnul
Zin
The Shining One

Shops:
D:5 :   D:6 =   D:9 }

Annotations:
D:3 3 runed translucent doors, Tali's ghost, amateur DsBe
D:4 2 runed translucent doors, Crazy Yiuf; omer1ben's ghost, amateur OpFE
D:5 2 transporters


Innate Abilities, Weirdness & Mutations

You can breathe bolts of dispelling energy.
Your rich purple scales are hard. (AC +7)
You cannot fit into any form of body armour.
You are cold-blooded and may be slowed by cold attacks.


Message History

The catoblepas misses you.
You sock the catoblepas!
The catoblepas is almost dead.
The catoblepas gores you! The catoblepas gores you!!
* * * LOW HITPOINT WARNING * * *
Unknown command.
You barely miss the catoblepas.
The catoblepas is almost dead.
The catoblepas breathes a plume of calcifying dust at you.
The blast of calcifying dust hits you!
* * * LOW HITPOINT WARNING * * *
Unknown command.
You hit the catoblepas.
The catoblepas is almost dead.
The catoblepas gores you!
* * * LOW HITPOINT WARNING * * *
The catoblepas gores you but does no damage.
Unknown command.
You feel much better. The catoblepas gores you!!
You die...

.).....#...##≈≈≈≈≈≈≈##.##*Y.##...
.......#...#≈≈≈≈≈≈≈≈≈#......###.#
.......#...##≈≈≈≈≈≈<###.§###. #.#
.[.....)...###≈≈≈≈≈.# #.§.### #.#
.....†.#...# ##.....###....####.#
.......#.<.# #.....o..#)......♣.
..)....#...# #....###.#...####.#
#'#.#####'### #§Y..###....## #.#
..#....##.#≈###§@..#.....## #.#
###..........##§...#.##.....###.#
# #......≈≈.≈≈######.#......##...
# #(.....≈≈.≈≈.......#......#....
# #......≈≈.≈≈.#######.........##
###......#≈.≈#.# #......... #
..#.#######....# #.....>... #.#.
###### ....... # #.# ..#...[ #


You could see a catoblepas and an orc warrior (petrified).

Vanquished Creatures
  Joseph (D:7)
  Maggie (D:8)
  A hornet (D:9)
  Prince Ribbit (D:7)
  Grinder (D:3)
  Sigmund (D:2)
  A spriggan (D:7)
  Eustachio (D:6)
  A wyvern (D:8)
  Edmund (D:6)
  Menkaure (D:7)
  Duvessa (D:4)
  2 ice beasts
  An orc warrior (D:8)
  2 sky beasts
  A phantom (D:5)
  A black bear (D:8)
  4 ogres
  3 centaurs
  A big kobold (D:9)
  3 bullfrogs
  7 water moccasin zombies (Ossuary)
  Dowan (D:4)
  4 scorpions
  11 wights
  A howler monkey (D:9)
  2 crimson imps (D:7)
  3 hounds
  3 jellies
  A centaur zombie (D:7)
  3 orc priests
  5 orc wizards
  An iguana (D:5)
  A centaur skeleton (D:9)
  Natasha (thrice) (D:2)
  4 worker ants
  2 big kobold zombies (Ossuary)
  A hound skeleton (D:9)
  2 mummies (Ossuary)
  7 gnolls
  A howler monkey skeleton (D:5)
  8 adders
  3 shadow imps
  5 adder zombies (Ossuary)
  An adder skeleton (D:6)
  4 worms (D:2)
  4 dart slugs
  4 leopard geckos
  20 orcs
  5 giant cockroaches
  11 goblins
  9 hobgoblins
  4 jackals (D:6)
  12 kobolds
  A quokka (D:6)
  8 bats
  6 frilled lizards
  3 gnoll zombies (Ossuary)
  4 hobgoblin zombies (Ossuary)
  4 kobold zombies (Ossuary)
  6 orc zombies (Ossuary)
  A quokka skeleton (D:4)
  A quokka zombie (D:6)
  10 rats
227 creatures vanquished.

Vanquished Creatures (others)
  A kobold zombie (Ossuary)
  30 fulminant prisms
31 creatures vanquished.

Grand Total: 258 creatures vanquished

Notes
Turn   | Place    | Note
-------+----------+-------------------------------------------
     0 | D:1      | Hastur the Draconian Conjurer began the quest for the Orb.
     0 | D:1      | Reached XP level 1. HP: 14/14 MP: 3/3
   767 | D:1      | Reached XP level 2. HP: 20/20 MP: 0/5
  1212 | D:1      | Learned a level 2 spell: Searing Ray
  1324 | D:2      | Reached XP level 3. HP: 25/26 MP: 2/6
  1495 | D:2      | Noticed Sigmund
  1712 | D:2      | Killed Sigmund
  1712 | D:2      | Reached XP level 4. HP: 33/33 MP: 2/9
  1712 | D:2      | Reached XP level 5. HP: 38/38 MP: 2/10
  1726 | D:2      | Learned a level 4 spell: Fulminant Prism
  2463 | D:2      | Reached XP level 6. HP: 45/45 MP: 8/12
  2501 | D:2      | Noticed Natasha
  2506 | D:2      | Killed Natasha
  2927 | D:2      | Noticed Natasha
  2934 | D:2      | Killed Natasha
  3191 | D:2      | Noticed Natasha
  3199 | D:2      | Killed Natasha
  3293 | D:3      | Noticed Grinder
  3527 | D:3      | Found a faded altar of an unknown god.
  3595 | D:3      | Reached skill level 5 in Spellcasting
  3611 | D:3      | Found a runed translucent gate.
  3611 | D:3      | Found a runed translucent gate.
  3611 | D:3      | Found a runed translucent gate.
  3611 | D:3      | Noticed Tali's ghost (amateur DsBe)
  3708 | D:3      | Reached skill level 1 in Fighting
  3729 | D:3      | Reached skill level 2 in Fighting
  3903 | D:3      | Found a shattered altar of Ashenzari.
  3904 | D:3      | Found a burning altar of Makhleb.
  3959 | D:3      | Paralysed by Grinder for 3 turns
  3970 | D:3      | Killed Grinder
  3970 | D:3      | Reached skill level 4 in Fighting
  3970 | D:3      | Your scales start taking on a rich purple colour.
  3970 | D:3      | Reached XP level 7. HP: 44/60 MP: 7/16
  4290 | D:4      | Found a runed translucent door.
  4307 | D:4      | Reached skill level 5 in Fighting
  4422 | D:4      | Noticed Duvessa
  4424 | D:4      | Noticed Dowan
  4567 | D:4      | Found a runed translucent door.
  4568 | D:4      | Noticed Crazy Yiuf
  4594 | D:4      | Found a staircase to the Ecumenical Temple.
  4603 | Temple   | Entered the Ecumenical Temple
  4640 | Temple   | Upgraded the game from 0.25-a0-834-g55863b0b92 to
                  | 0.25-a0-842-g81a31cfd23
  4642 | Temple   | Upgraded the game from 0.25-a0-842-g81a31cfd23 to
                  | 0.25-a0-927-g39f137c8b7
  4642 | Temple   | Upgraded the game from 0.25-a0-927-g39f137c8b7 to
                  | 0.25-a0-942-g87a53962fc
  4735 | D:4      | Noticed omer1ben's ghost (amateur OpFE)
  4800 | D:4      | Killed Dowan
  4800 | D:4      | Reached skill level 1 in Hexes
  5052 | D:4      | Killed Duvessa
  5052 | D:4      | Reached skill level 6 in Fighting
  5052 | D:4      | Reached XP level 8. HP: 48/70 MP: 8/17
  5501 | D:5      | Entered Level 5 of the Dungeon
  5563 | D:5      | Found Xuc Qiri's Book Shop.
  5748 | D:5      | Found a transporter.
  5803 | D:5      | Found a stormy altar of Qazlal.
  5867 | D:5      | Found a transporter.
  6452 | D:6      | Reached skill level 5 in Hexes
  6543 | D:6      | Noticed Eustachio
  6563 | D:6      | Killed Eustachio
  6563 | D:6      | Reached skill level 1 in Shields
  7519 | D:6      | Found Rutanohe's Jewellery Shop.
  7557 | D:6      | Reached XP level 9. HP: 75/75 MP: 13/18
  7902 | D:6      | Noticed Edmund
  7933 | D:6      | Killed Edmund
  8073 | D:7      | Reached skill level 5 in Shields
  8102 | D:7      | Noticed Menkaure
  8107 | D:7      | Killed Menkaure
  8214 | D:7      | Noticed Joseph
  8232 | D:7      | Killed Joseph
  8266 | D:7      | Found a sand-covered staircase.
  8272 | Ossuary  | Entered an ossuary
  8345 | Ossuary  | Reached skill level 7 in Fighting
  9358 | D:7      | Found a burning altar of Makhleb.
  9358 | D:7      | Noticed Prince Ribbit
  9712 | D:7      | Reached skill level 8 in Fighting
 10035 | D:7      | Killed Prince Ribbit
 10035 | D:7      | Reached XP level 10. HP: 86/88 MP: 2/19
 10560 | Temple   | Became a worshipper of Sif Muna the Loreminder
 10966 | D:8      | Noticed Maggie
 11133 | D:8      | Identified the +12 flail of Amorality {vorpal, MR++ Str+2
                  | SInv} (You found it on level 8 of the Dungeon)
 11194 | D:8      | Reached skill level 9 in Fighting
 11202 | D:8      | Found a stormy altar of Qazlal.
 11202 | D:8      | Found a blossoming altar of Fedhas.
 11637 | D:8      | Killed Maggie
 11637 | D:8      | Reached skill level 10 in Fighting
 11735 | D:8      | Found a white marble altar of Elyvilon.
 11735 | D:8      | Found a glowing golden altar of the Shining One.
 11735 | D:8      | Found an ancient bone altar of Kikubaaqudgha.
 11735 | D:8      | Found a basalt altar of Yredelemnul.
 11948 | D:9      | Found a shadowy altar of Dithmenos.
 12003 | D:8      | Reached * piety under Sif Muna
 12529 | D:9      | Noticed a catoblepas
 12557 | D:9      | Found Nub Ech's Gadget Emporium.
 12729 | D:9      | HP: 4/94 [catoblepas (13)]
 12730 | D:9      | Slain by a catoblepas

Levels and vault maps discovered:
D:1:      dpeg_arrival_snail, layout_loops_ring
D:2:      minmay_door_path, layout_basic, first_ration, uniq_natasha,
          uniq_sigmund
D:3:      layout_rooms, gammafunk_temple_overflow_pools,
          chequers_ecumenical_altar_twisty, ebering_ghost_rock_garden,
          kennysheep_big_empty_room, uniq_grinder
D:4:      layout_loops_ring, temple_pool_b, ebering_ghost_reflecting_pool,
          uniq_crazy_yiuf_cottage, uniq_duvessa
D:5:      gammafunk_cloud_chamber, layout_gridville, serial_shops, shop,
          nicolae_qazlal_eye_of_the_storm
D:6:      layout_basic, kennysheep_windowed_goal, uniq_edmund, uniq_eustachio
D:7:      minmay_bubble_buster, layout_cave_pods, nicolae_ossuary_entry_plus,
          the_bakery, lemuel_tele_altar, uniq_menkaure, uniq_joseph,
          uniq_prince_ribbit1
D:8:      layout_rooms, grunt_temple_overflow_forces_of_nature,
          grunt_temple_overflow_cloverleaf, uniq_maggie
D:9:      layout_basic, grunt_dithmenos_smoke, nicolae_overflow_crystal_walls,
          serial_shops, nicolae_shop_crystal, kb_rosetta
Temple:   minmay_temple_bridge_abc

Skill      XL: |  1  2  3  4  5  6  7  8  9 10 |
---------------+-------------------------------+-----
Spellcasting   | 3 4 6 |  6.0
Conjurations   | 6 7 8 |  8.0
Stealth        | 2 |  2.0
Fighting       | 4 6 8 10 | 10.8
Hexes          | 2 6 8 |  8.0
Shields        | 4 5 |  5.0
Dodging        | |  1.7

Action                   |  1- 3 |  4- 6 |  7- 9 | 10-12 || total
-------------------------+-------+-------+-------+-------++-------
Melee: Unarmed           |     4 |       |       |       ||     4
       Whip              |       |    25 |       |       ||    25
       Tailslap          |       |     4 |     3 |     3 ||    10
       Dagger            |       |     7 |    35 |     8 ||    50
       Flail             |       |       |       |    23 ||    23
Throw: Stone             |    10 |       |       |       ||    10
 Cast: Magic Dart        |    55 |   126 |   223 |    95 ||   499
       Searing Ray       |     2 |     7 |    48 |     7 ||    64
       Fulminant Prism   |       |       |    11 |    19 ||    30
Evoke: Wand              |       |       |     9 |     1 ||    10
  Use: Scroll            |       |       |    10 |     2 ||    12
       Potion            |       |       |     1 |     1 ||     2
 Stab: Paralysed         |       |       |    16 |       ||    16
       Sleeping          |       |       |       |     1 ||     1
  Eat: Chunk             |     3 |     7 |    10 |    10 ||    30
       Ration            |       |       |     3 |       ||     3
Armor: Skin              |     3 |    10 |    48 |    17 ||    78
Dodge: Dodged            |    12 |    30 |    83 |    51 ||   176
Block: Buckler           |       |       |    21 |    18 ||    39

Table legend:
 A = Non-vault XP
 B = Vault XP
 C = Vault XP percentage of total XP
 D = Non-vault monster count
 E = Vault monster count
 F = Vault count percentage of total count
                 A         B        C        D         E       F
            +---------+---------+-------+---------+---------+-------
      Total |    3983 |    4426 |  52.6 |     165 |      62 |  27.3
            +---------+---------+-------+---------+---------+-------
        D:1 |      30 |       0 |   0.0 |      15 |       0 |   0.0
        D:2 |     196 |     268 |  57.8 |      29 |       8 |  21.6
        D:3 |     193 |     290 |  60.0 |      33 |       1 |   2.9
        D:4 |     240 |     221 |  47.9 |       7 |       2 |  22.2
        D:5 |     393 |      45 |  10.3 |       8 |       1 |  11.1
        D:6 |    1013 |     503 |  33.2 |      26 |       3 |  10.3
        D:7 |     384 |    1672 |  81.3 |      11 |      11 |  50.0
        D:8 |    1249 |     376 |  23.1 |      26 |       1 |   3.7
        D:9 |     285 |     369 |  56.4 |      10 |       2 |  16.7
    Ossuary |       0 |     682 | 100.0 |       0 |      33 | 100.0
            +---------+---------+-------+---------+---------+-------
